Cogmind - Beta 16 @@@ ROGUE MODE // 2025.11.14 @ 19:45:39 Player: AlcoholicAardvark Result: Destroyed by P-70 Sage with High-powered Shock Rifle Performance ------------- Evolutions (6) 3000 Regions Visited (12) 2400 Robots Destroyed (83) 415 Value Destroyed (3265) 3265 Prototype IDs (3) 60 Alien Tech Used (0) 0 Bonus (500) 500 TOTAL SCORE: 9640 Bonus ------- Entered DSFs 500 Cogmind --------- Core Integrity 0/1150 Matter 224/300 Energy 100/100 System Corruption 9% Temperature Cool (0) Movement Core (100) Ox1 Location -4/Factory Parts ------- > --- POWER (3) -------- (None) > --- PROPULSION (4) --- (None) > --- UTILITY (8) ------ Improved Targeting Computer Improved Utility Shielding Improved Utility Shielding Authchip [Processor] > --- WEAPON (4) ------- (None) > --- INVENTORY (5) ---- Authchip [Weapon] Heavy Shock Bomb Launcher Peak State ------------ > --- POWER ------------ Micro Fission Core > --- PROPULSION ------- Nuclear Pulse Array Nuclear Pulse Array > --- UTILITY ---------- Improved Propulsion Shielding Improved Propulsion Shielding Improved Propulsion Shielding Authchip [Processor] Authchip [Armor] > --- WEAPON ----------- Enhanced Gauss Cannon Enhanced Gauss Cannon Enhanced Gauss Cannon > --- INVENTORY -------- Hacking Suite Authchip [Weapon] Enhanced Gauss Cannon Enhanced Gauss Cannon Enhanced Gauss Cannon [Rating: 67] Favorites ----------- Power Micro Nuclear Core Engine Improved Deuterium Engine Power Core Micro Nuclear Core Propulsion Armored Huge Wheel Treads Advanced Treads Wheel Armored Huge Wheel Flight Unit Nuclear Pulse Array Utility Targeting Computer Device Transmission Jammer Processor Targeting Computer Hackware Authchip [Processor] Protection Improved Propulsion Shielding Weapon Gauss Rifle Energy Gun Beam Rifle Energy Cannon Ion Cannon Ballistic Gun Gauss Rifle Ballistic Cannon Assault Cannon Launcher Grenade Launcher Piercing Weapon Spear Build | -11 -10 -10 -8 -7 -7 -7 -6 -6 -5 -5 -5 -4 ------- Run | Yrd Mat Sub Mat Fac Low Low Fac DSF Fac Was Fac Fac Slots Evolved 12 | . . . 4 2 . . 2 . 2 . . 2 Power 2 | . . . . . . . 1 . . . . 1 Propulsion 2 | . . . 1 1 . . . . . . . . Utility 6 | . . . 3 . . . 1 . 2 . . . Weapon 2 | . . . . 1 . . . . . . . 1 Parts Attached 100 | 5 4 7 18 25 . 2 . 23 4 . 2 10 Power 13 | 1 . 2 2 6 . 1 . 1 . . . . Engine 7 | 1 . 2 2 1 . 1 . . . . . . Core 6 | . . . . 5 . . . 1 . . . . Reactor . | . . . . . . . . . . . . . Propulsion 26 | 2 . 3 7 6 . . . 6 . . . 2 Treads 11 | . . . 5 4 . . . . . . . 2 Leg . | . . . . . . . . . . . . . Wheel 13 | 2 . 3 2 2 . . . 4 . . . . Hover . | . . . . . . . . . . . . . Flight 2 | . . . . . . . . 2 . . . . Utility 32 | . 2 1 6 8 . 1 . 6 4 . 2 2 Device 7 | . . . 1 3 . . . 1 2 . . . Storage . | . . . . . . . . . . . . . Processor 5 | . 1 . 1 . . . . . 1 . 2 . Hackware 3 | . . . . . . . . 2 1 . . . Protection 17 | . 1 1 4 5 . 1 . 3 . . . 2 Artifact . | . . . . . . . . . . . . . Weapon 29 | 2 2 1 3 5 . . . 10 . . . 6 Energy Gun 7 | 2 . . 2 1 . . . . . . . 2 Energy Cannon 1 | . . . . . . . . 1 . . . . Ballistic Gun 5 | . . . . 2 . . . 1 . . . 2 Ballistic Cannon 12 | . . 1 1 1 . . . 8 . . . 1 Launcher 3 | . 2 . . . . . . . . . . 1 Special Weapon . | . . . . . . . . . . . . . Impact Weapon . | . . . . . . . . . . . . . Slashing Weapon . | . . . . . . . . . . . . . Piercing Weapon 1 | . . . . 1 . . . . . . . . Special Melee Weapon . | . . . . . . . . . . . . . Unidentified Prototypes 1 | . . . . 1 . . . . . . . . Parts Lost 55 | . . 7 4 7 1 . . 16 . 3 3 14 Power 5 | . . 1 . 2 . . . 1 . 1 . . Propulsion 10 | . . 2 . . . . . 4 . 1 . 3 Utility 22 | . . 1 4 3 1 . . 6 . 1 . 6 Weapon 18 | . . 3 . 2 . . . 5 . . 3 5 Highest Loss Streak 15 | . . 6 1 2 1 . . 15 . 3 3 11 To Critical Strikes 1 | . . . . . . . . . . . . 1 Average Backups 4 | . 2 3 4 4 5 5 5 3 4 4 1 1 Power . | . . . . . . . . . . . . . Propulsion . | . . . . . . . . . . . . . Utility 1 | . . 1 . 1 2 2 2 1 1 1 1 1 Weapon 2 | . 1 1 3 3 3 3 3 1 3 3 . . Tool/Special . | . . . . . . . . . . . . . Unused Backups 2 | . . . . . . . 1 . . . . 1 Power . | . . . . . . . . . . . . . Propulsion . | . . . . . . . . . . . . . Utility 1 | . . . . . . . . . . . . 1 Weapon 1 | . . . . . . . 1 . . . . . Tool/Special . | . . . . . . . . . . . . . Average Slot Usage (%) 83 | . 89 98 88 83 95 99 86 62 89 72 67 46 Engine 4 | . 14 13 9 1 7 7 6 1 . . . . Core 2 | . . . . 5 . . . 1 5 3 . . Treads 7 | . . . 7 5 30 30 26 5 . . . 1 Wheel 12 | . 28 27 17 11 . . . 5 23 15 5 3 Device 7 | . . . 2 11 15 15 13 4 4 8 5 4 Processor 11 | . 5 14 13 12 7 7 6 3 2 5 16 12 Hackware 1 | . . . . . . . . 3 16 15 11 7 Protection 13 | . 12 13 20 11 10 14 13 15 15 11 11 8 Energy Gun 6 | . 7 12 9 6 7 7 6 1 . . . 2 Ballistic Gun 4 | . . . . 7 7 7 6 1 . . . . Ballistic Cannon 7 | . . 7 9 6 7 7 6 12 17 9 15 2 Launcher 1 | . 20 8 . . . . . . . . . . Peak Build Rating 67 | 5 7 12 22 49 44 42 42 67 59 59 45 55 Average Rating 33 | 4 6 8 18 41 40 41 42 39 54 45 43 32 On Entrance 28 | . 5 7 10 20 44 39 42 42 47 59 25 27 Avg Prop Armor Cover (%) 9 | . . 5 . . . . . . . . . 14 Naked Turns . | . . . . . . . . . . . . . Heaviest Build 44 | 9 12 12 37 44 44 39 39 41 40 39 32 33 Greatest Support 88 | 20 20 30 63 88 88 88 88 88 64 64 16 53 Greatest Overweight (x) 12 | . . 3 1 1 . . . 12 . . 1 7 Average Overweight (x) . | . . . . . . . . . . . . . Largest Inventory Capacity 5 | 5 5 5 5 5 5 5 5 5 5 5 5 5 Average Capacity 5 | 5 5 5 5 5 5 5 5 5 5 5 5 5 Most Carried 5 | . 4 5 5 5 5 5 5 5 5 4 3 2 Average Carried 4 | . 2 3 4 4 5 4 4 3 4 4 1 1 Final Capacity 5 | 5 5 5 5 5 5 5 5 5 5 5 5 5 Final Carried 5 | . 4 5 5 5 5 5 5 5 4 4 1 2 Class Distribution -------------------- 30% | Mutant 21% | Infiltrator-Gunner 18% | Infiltrator-Tank 10% | Gunner 8% | Scavenger-Gunner 4% | Tank 3% | Scavenger-Mutant Dominant Class ---------------- Mutant | -10/Materials Mutant | -10/Subcaves Mutant | -8/Materials Infiltrator-Gunner | -7/Factory Infiltrator-Gunner | -7/Lower Caves Infiltrator-Tank | -7/Lower Caves Infiltrator-Tank | -6/Factory Tank | -6/DSF Tank | -5/Factory Gunner | -5/Waste Gunner | -5/Factory Mutant | -4/Factory Resources | -11 -10 -10 -8 -7 -7 -7 -6 -6 -5 -5 -5 -4 ----------- Run | Yrd Mat Sub Mat Fac Low Low Fac DSF Fac Was Fac Fac Matter Collected 2958 | 214 33 283 572 806 199 30 . 466 . 46 3 306 Remotely . | . . . . . . . . . . . . . Salvage Created 2835 | . 82 204 725 1089 290 34 . 302 . . 6 103 Parts 157 | . 13 12 43 60 11 1 . 13 . . . 4 Haulers Intercepted . | . . . . . . . . . . . . . Recyclers Shooed 1 | . . . . 1 . . . . . . . . Parts Field Recycled . | . . . . . . . . . . . . . Retrieved Matter . | . . . . . . . . . . . . . Parts Self-Destructed 12 | . . 2 . . 9 1 . . . . . . Prevented . | . . . . . . . . . . . . . Parts Restored . | . . . . . . . . . . . . . Kills | -11 -10 -10 -8 -7 -7 -7 -6 -6 -5 -5 -5 -4 ------- Run | Yrd Mat Sub Mat Fac Low Low Fac DSF Fac Was Fac Fac Combat Hostiles Destroyed 75 | . 8 7 22 20 8 1 . 7 . . . 2 Guns 34 | . . 2 9 13 6 1 . 2 . . . 1 Cannons 30 | . . 2 13 7 2 . . 5 . . . 1 AOE 11 | . 8 3 . . . . . . . . . . Classes Destroyed 14 | . 4 1 3 4 1 . . 1 . . . . Worker 1 | . 1 . . . . . . . . . . . Builder 1 | . . . 1 . . . . . . . . . Recycler 4 | . . . . 4 . . . . . . . . Operator 1 | . 1 . . . . . . . . . . . Watcher 1 | . . . . 1 . . . . . . . . Swarmer 20 | . 6 . 7 3 4 . . . . . . . Grunt 23 | . 2 . 11 8 2 . . . . . . . Brawler 1 | . . . . 1 . . . . . . . . Duelist 1 | . . . . . 1 . . . . . . . Sentry 7 | . . . 3 2 . . . 1 . . . 1 Specialist 2 | . . . . . . . . 2 . . . . Hunter 4 | . . . 1 . . . . 2 . . . 1 Programmer 9 | . . . . 6 . 1 . 2 . . . . Subdweller 7 | . . 7 . . . . . . . . . . Thug 1 | . . . . . 1 . . . . . . . Best Kill Streak 9 | . 9 4 4 3 4 1 . 2 . . . 1 Combat Bots Only 8 | . 8 4 4 3 4 1 . 2 . . . 1 Max Kills in Single Turn 5 | . 5 1 2 2 1 1 . 1 . . . 1 Gunslinging . | . . . . . . . . . . . . . Exploded 5 | . 5 1 . . . . . . . . . . Melee . | . . . . . . . . . . . . . Uniques/NPCs Destroyed . | . . . . . . . . . . . . . Combat | -11 -10 -10 -8 -7 -7 -7 -6 -6 -5 -5 -5 -4 -------- Run | Yrd Mat Sub Mat Fac Low Low Fac DSF Fac Was Fac Fac Hostile Shots Fired 945 | . 14 26 159 221 43 4 . 172 . 3 54 249 Missed 312 | . 7 9 55 71 14 2 . 41 . . 17 96 Hits 633 | . 7 17 104 150 29 2 . 131 . 3 37 153 Melee 9 | . . . . 3 3 . . . . 3 . . Projectile 624 | . 7 17 104 147 26 2 . 131 . . 37 153 AOE 3 | . . 2 . 1 . . . . . . . . Critical Strikes 17 | . . . 1 2 1 . . 5 . 2 . 6 Actively Blocked 2 | . . . . . . . . . . 1 . 1 Part Disruptions 5 | . . . . . . . . 5 . . . . Damage Taken 9679 | . 103 443 1365 1902 517 25 . 2242 . 128 564 2390 Core 2647 | . 7 139 160 267 84 . . 503 . 85 240 1162 Absorbed by Shields . | . . . . . . . . . . . . . Redirected to Shielding 562 | . 26 25 156 95 . . . 33 . 28 34 165 Ignored by Resistances 42 | . . . . . . 6 . 36 . . . . Core Remaining (%) 61 | 100 . 41 70 . . 49 . 40 . . 67 . Volleys Fired 216 | . 5 17 59 65 14 2 . 38 . 4 2 10 Largest 4 | . 2 2 2 3 3 3 . 3 . 3 3 4 Hottest 253 | . 60 73 100 128 124 124 . 141 . 141 141 253 Shots Fired 508 | . 10 28 117 188 42 6 . 75 . 12 5 25 Gun 280 | . . 14 58 128 28 4 . 31 . . . 17 Cannon 209 | . . 5 59 60 14 2 . 44 . 12 5 8 Launcher 19 | . 10 9 . . . . . . . . . . Special . | . . . . . . . . . . . . . Kinetic 318 | . . 5 59 124 28 4 . 65 . 12 5 16 Thermal 135 | . . . 36 64 14 2 . 10 . . . 9 Explosive 19 | . 10 9 . . . . . . . . . . Electromagnetic 36 | . . 14 22 . . . . . . . . . Robot Hit Streak 19 | . 2 10 14 19 13 6 . 11 . 3 2 6 Robot Miss Streak 5 | . 2 1 4 5 2 . . 4 . 2 2 2 Penetration Max 1 | . . . . 1 . . . . . . 1 . Secondary Targets . | . . . . . . . . . . . . . Shots Hit Robots 337 | . 3 22 82 130 28 4 . 43 . 6 2 17 Core Hits 150 | . 18 12 35 46 13 2 . 16 . . 1 7 Critical Kills 4 | . . . 1 1 1 . . . . . . 1 Critical Parts Destroyed . | . . . . . . . . . . . . . Critical Strikes 23 | . . . 3 9 4 1 . 3 . 1 . 2 Burn 7 | . . . . 3 1 1 . 2 . . . . Destroy 4 | . . . 1 1 1 . . . . . . 1 Blast 12 | . . . 2 5 2 . . 1 . 1 . 1 Melee Attacks . | . . . . . . . . . . . . . Impact . | . . . . . . . . . . . . . Slashing . | . . . . . . . . . . . . . Piercing . | . . . . . . . . . . . . . Sneak Attacks . | . . . . . . . . . . . . . Combat Hostiles . | . . . . . . . . . . . . . Follow-up Attacks . | . . . . . . . . . . . . . Damage Inflicted 8023 | . 528 602 1557 2712 610 96 . 1121 . 264 98 435 Guns 3637 | . . 111 647 1829 402 61 . 351 . . . 236 Cannons 3458 | . . 106 895 883 208 35 . 770 . 264 98 199 Explosions 912 | . 527 385 . . . . . . . . . . Melee . | . . . . . . . . . . . . . Ramming 16 | . 1 . 15 . . . . . . . . . Kinetic 5083 | . . 106 895 1921 423 60 . 1034 . 264 98 282 Thermal 1736 | . . 48 434 791 187 36 . 87 . . . 153 Explosive 864 | . 527 337 . . . . . . . . . . Electromagnetic 324 | . . 111 213 . . . . . . . . . Impact . | . . . . . . . . . . . . . Slashing . | . . . . . . . . . . . . . Piercing . | . . . . . . . . . . . . . Highest Corruption 9 | . 2 2 . 4 . . . 8 . . . 9 Average Corruption 3 | . 2 2 . 2 . . . 7 . . . 5 Corruption Purged 4 | . . . . 4 . . . . . . . . Corruption Blocked . | . . . . . . . . . . . . . Effects 60 | . . 15 . 29 . . . 15 . . . 1 Message Errors 10 | . . 3 . 6 . . . 1 . . . . Matter Fused 18 | . . 5 . 10 . . . 3 . . . . Heat Flow Errors 8 | . . 2 . 5 . . . 1 . . . . Energy Discharges 8 | . . 2 . 3 . . . 2 . . . 1 Data Loss (minor) 7 | . . 2 . 4 . . . 1 . . . . Data Loss (major) 2 | . . . . . . . . 2 . . . . Misfires 2 | . . 1 . . . . . 1 . . . . Alerts 1 | . . . . . . . . 1 . . . . Weapon Failures 4 | . . . . 1 . . . 3 . . . . Overload Shots . | . . . . . . . . . . . . . Overflow Damage 33 | . 17 . . 16 . . . . . . . . Projectiles 16 | . . . . 16 . . . . . . . . Explosions 17 | . 17 . . . . . . . . . . . Melee . | . . . . . . . . . . . . . Knockbacks 38 | . . 2 13 12 2 1 . 5 . . 1 2 Impact . | . . . . . . . . . . . . . Kinetic 37 | . . 2 12 12 2 1 . 5 . . 1 2 Secondary 1 | . . . 1 . . . . . . . . . Self-Inflicted Damage 131 | . 45 . 7 79 . . . . . . . . Shots 3 | . 2 . . 1 . . . . . . . . Rammed 3 | . 2 . 1 . . . . . . . . . Targets Rammed 3 | . 2 . 1 . . . . . . . . . Kicked . | . . . . . . . . . . . . . Crushed . | . . . . . . . . . . . . . Highest Temperature 429 | . . 193 429 420 367 134 . 123 . 174 21 246 Average Temperature 123 | . . 95 119 126 168 68 . 30 . 83 14 114 Received Heat Transfer 1467 | . . 66 594 567 171 . . 60 . . . 9 Effects 15 | . . . 3 4 4 . . . . . . 4 Shutdowns 4 | . . . 2 1 1 . . . . . . . Energy Bleed 2 | . . . . 1 . . . . . . . 1 Interference 7 | . . . . 1 3 . . . . . . 3 Damage (minor) 2 | . . . 1 1 . . . . . . . . Siege Activations . | . . . . . . . . . . . . . Martial Activations . | . . . . . . . . . . . . . Shielding Activations . | . . . . . . . . . . . . . Robots Disrupted . | . . . . . . . . . . . . . Combat Hostiles . | . . . . . . . . . . . . . Robots Corrupted . | . . . . . . . . . . . . . Combat Hostiles . | . . . . . . . . . . . . . Parts Fried . | . . . . . . . . . . . . . Impact Corruptions . | . . . . . . . . . . . . . Robots Melted . | . . . . . . . . . . . . . Combat Hostiles . | . . . . . . . . . . . . . Parts Melted 4 | . . . . 3 1 . . . . . . . Heat Transferred 4122 | . . 50 816 1961 555 148 . 370 . . . 222 Parts Sabotaged . | . . . . . . . . . . . . . Parts Stolen . | . . . . . . . . . . . . . Parts Stripped . | . . . . . . . . . . . . . Power Chain Reactions 1 | . . 1 . . . . . . . . . . Alert | -11 -10 -10 -8 -7 -7 -7 -6 -6 -5 -5 -5 -4 ------- Run | Yrd Mat Sub Mat Fac Low Low Fac DSF Fac Was Fac Fac Maximum Alert Level 1 | . 1 . 1 . . . . . . . . . Low Security (%) 96 | 100 81 . 84 100 . . 100 100 100 100 100 100 Level 1 3 | . 18 . 15 . . . . . . . . . Level 2 . | . . . . . . . . . . . . . Level 3 . | . . . . . . . . . . . . . Level 4 . | . . . . . . . . . . . . . Level 5 . | . . . . . . . . . . . . . High Security . | . . . . . . . . . . . . . Max Security . | . . . . . . . . . . . . . Peak Influence 235 | . 220 . 235 190 . . . 115 60 6 2 32 Initial 95 | . . . . 95 . . . 3 60 3 . . Average 70 | . 55 . 87 88 . . . 57 37 . . 1 Influence Increases 2023 | . 250 . 617 627 175 30 5 225 . 8 2 84 Destroy 0b10 Robot/C 1340 | . 160 . 440 400 140 20 . 140 . . . 40 Destroy 0b10 Robot/NC 40 | . 10 . 5 25 . . . . . . . . Destroy Leader 312 | . 20 . 90 102 20 10 . 50 . . . 20 Successful Hack 40 | . . . . 15 . . 5 . . . . 20 Disable Machine 120 | . 15 . 30 60 . . . 15 . . . . Destroy Structure 96 | . 45 . 7 25 . . . 5 . 8 2 4 Partial Spotted 30 | . . . 30 . . . . . . . . . Lose Combat Pursuer 45 | . . . 15 . 15 . . 15 . . . . Influence Decreases 2023 | . 40 210 406 740 259 44 . 115 105 18 2 84 Entered New Map 323 | . . 102 . 116 37 4 . 2 55 7 . . Time Decay 1341 | . 40 98 366 489 217 40 . . 50 5 . 36 Lost Part 278 | . . 10 40 60 5 . . 113 . . 2 48 Lost Ally 6 | . . . . . . . . . . 6 . . Purge Threat 75 | . . . . 75 . . . . . . . . Squads Dispatched 22 | . 1 . 3 12 . . . 2 . . . 4 Investigation 5 | . . . 1 2 . . . . . . . 2 Extermination 8 | . . . . 7 . . . . . . . 1 Reinforcement 9 | . 1 . 2 3 . . . 2 . . . 1 Assault . | . . . . . . . . . . . . . Garrison . | . . . . . . . . . . . . . Intercept . | . . . . . . . . . . . . . Searches Triggered . | . . . . . . . . . . . . . Construction Impeded 1 | . . . 1 . . . . . . . . . Haulers Reinforced 1 | . . . . 1 . . . . . . . . Active Scanning Responses . | . . . . . . . . . . . . . Cargo Convoy Interrupts . | . . . . . . . . . . . . . Stealth | -11 -10 -10 -8 -7 -7 -7 -6 -6 -5 -5 -5 -4 --------- Run | Yrd Mat Sub Mat Fac Low Low Fac DSF Fac Was Fac Fac Distress Signals 2 | . . . 1 1 . . . . . . . . Communications Jammed 6 | . . . . 4 . . . 2 . . . . Distress Signals 4 | . . . . 4 . . . . . . . . Times Spotted 122 | . 9 7 35 27 10 1 . 11 . 6 4 12 Peak Tracking Total 10 | . 8 3 7 3 4 1 . 3 1 6 4 10 Tactical Retreats 4 | . . . 1 . 1 . . 2 . . . . ECM-based Alert Blocks 1 | . . . . . . . . 1 . . . . Traps | -11 -10 -10 -8 -7 -7 -7 -6 -6 -5 -5 -5 -4 ------- Run | Yrd Mat Sub Mat Fac Low Low Fac DSF Fac Was Fac Fac Traps Triggered 4 | . . . 1 . . . . . 1 . . 2 Indirectly . | . . . . . . . . . . . . . Trap Hack Attempts . | . . . . . . . . . . . . . Triggered . | . . . . . . . . . . . . . Disarmed . | . . . . . . . . . . . . . Reprogrammed . | . . . . . . . . . . . . . Reused . | . . . . . . . . . . . . . Traps Extracted . | . . . . . . . . . . . . . Installed . | . . . . . . . . . . . . . Triggered . | . . . . . . . . . . . . . Machines | -11 -10 -10 -8 -7 -7 -7 -6 -6 -5 -5 -5 -4 ---------- Run | Yrd Mat Sub Mat Fac Low Low Fac DSF Fac Was Fac Fac Machines Disabled 8 | . 1 . 2 4 . . . 1 . . . . Max in Single Turn 1 | . 1 . 1 1 . . . 1 . . . . Machines Repaired . | . . . . . . . . . . . . . Machines Dismantled . | . . . . . . . . . . . . . Machines Sabotaged . | . . . . . . . . . . . . . Overloaded Fab Kills . | . . . . . . . . . . . . . Hacking | -11 -10 -10 -8 -7 -7 -7 -6 -6 -5 -5 -5 -4 --------- Run | Yrd Mat Sub Mat Fac Low Low Fac DSF Fac Was Fac Fac Machines Accessed 30 | . 2 1 4 15 . . 1 . . . . 7 Terminals 20 | . 2 . 3 10 . . 1 . . . . 4 Fabricators . | . . . . . . . . . . . . . Repair Stations 1 | . . . . 1 . . . . . . . . Recycling Units 6 | . . . . 3 . . . . . . . 3 Scanalyzers 1 | . . . . 1 . . . . . . . . Garrison Access 1 | . . . 1 . . . . . . . . . Total Hacks 74 | . 5 5 10 36 . . 1 . . . . 17 Successful 37 | . 3 5 3 18 . . 1 . . . . 7 Failed 37 | . 2 . 7 18 . . . . . . . 10 Catastrophic 6 | . . . 2 1 . . . . . . . 3 Database Lockouts . | . . . . . . . . . . . . . Manual 16 | . 2 1 4 6 . . . . . . . 3 Terminals 50 | . 5 . 9 24 . . 1 . . . . 11 Fabricators . | . . . . . . . . . . . . . Repair Stations 1 | . . . . 1 . . . . . . . . Recycling Units 10 | . . . . 4 . . . . . . . 6 Scanalyzers 7 | . . . . 7 . . . . . . . . Garrison Access 1 | . . . 1 . . . . . . . . . Terminal Hacks 30 | . 3 5 3 12 . . 1 . . . . 6 Record 16 | . 1 5 3 4 . . . . . . . 3 Prototype ID Bank 1 | . 1 . . . . . . . . . . . Open DSF 3 | . . . . 2 . . 1 . . . . . Alert Level 4 | . . . . 3 . . . . . . . 1 Unreport Threat 2 | . 1 . . 1 . . . . . . . . Dispatch Records 1 | . . . . . . . . . . . . 1 Zone Layout 3 | . . . . 2 . . . . . . . 1 Fabricator Hacks . | . . . . . . . . . . . . . Repair Station Hacks . | . . . . . . . . . . . . . Recycling Unit Hacks 2 | . . . . 1 . . . . . . . 1 Retrieve Components 2 | . . . . 1 . . . . . . . 1 Scanalyzer 5 | . . . . 5 . . . . . . . . Retrieve Study 5 | . . . . 5 . . . . . . . . Garrison Access Hacks . | . . . . . . . . . . . . . Unauthorized Hacks . | . . . . . . . . . . . . . Terminals . | . . . . . . . . . . . . . Fabricators . | . . . . . . . . . . . . . Repair Stations . | . . . . . . . . . . . . . Recycling Units . | . . . . . . . . . . . . . Scanalyzers . | . . . . . . . . . . . . . Garrison Access . | . . . . . . . . . . . . . Data Cores Recovered . | . . . . . . . . . . . . . Used . | . . . . . . . . . . . . . Hacking Detections 22 | . 1 . 4 12 . . . . . . . 5 Full Trace Events 3 | . . . . 2 . . . . . . . 1 Feedback Events . | . . . . . . . . . . . . . Feedback Blocked . | . . . . . . . . . . . . . Robot Schematics Acquired . | . . . . . . . . . . . . . Robots Built . | . . . . . . . . . . . . . Authchips . | . . . . . . . . . . . . . Time . | . . . . . . . . . . . . . Total Robot Build Rating . | . . . . . . . . . . . . . Part Schematics Acquired . | . . . . . . . . . . . . . Parts Built . | . . . . . . . . . . . . . Authchips . | . . . . . . . . . . . . . Time . | . . . . . . . . . . . . . Total Part Build Rating . | . . . . . . . . . . . . . Part Studies Acquired 5 | . . . . 5 . . . . . . . . Parts Repaired . | . . . . . . . . . . . . . Time . | . . . . . . . . . . . . . Parts Recycled . | . . . . . . . . . . . . . Recycled Matter . | . . . . . . . . . . . . . Retrieved Matter . | . . . . . . . . . . . . . Retrieved Components 6 | . . . . 3 . . . . . . . 3 Parts Scanalyzed . | . . . . . . . . . . . . . Part Schematics Acquired . | . . . . . . . . . . . . . Parts Damaged . | . . . . . . . . . . . . . Bothacking | -11 -10 -10 -8 -7 -7 -7 -6 -6 -5 -5 -5 -4 ------------ Run | Yrd Mat Sub Mat Fac Low Low Fac DSF Fac Was Fac Fac Used RIF Installer . | . . . . . . . . . . . . . Robots Hacked . | . . . . . . . . . . . . . Non-combat . | . . . . . . . . . . . . . Combat . | . . . . . . . . . . . . . Robot Hacks Applied . | . . . . . . . . . . . . . Relay Couplers Released . | . . . . . . . . . . . . . Fabnet Peak Effective % . | . . . . . . . . . . . . . Robots Rewired . | . . . . . . . . . . . . . Allies Hacked . | . . . . . . . . . . . . . Hacks Repelled . | . . . . . . . . . . . . . Allies | -11 -10 -10 -8 -7 -7 -7 -6 -6 -5 -5 -5 -4 -------- Run | Yrd Mat Sub Mat Fac Low Low Fac DSF Fac Was Fac Fac Total Allies 1 | . . . . . . . . . . 1 . . Largest Group 1 | . . . . . . . . . . 1 . . Highest-Rated Group 31 | . . . . . . . . . . 31 . . Highest-Rated Ally 31 | . . . . . . . . . . 31 . . Total Orders . | . . . . . . . . . . . . . Ally Attacks 2 | . . . . . . . . . . 2 . . Total Damage 40 | . . . . . . . . . . 40 . . Kills . | . . . . . . . . . . . . . Allies Corrupted . | . . . . . . . . . . . . . Allies Melted . | . . . . . . . . . . . . . Intel | -11 -10 -10 -8 -7 -7 -7 -6 -6 -5 -5 -5 -4 ------- Run | Yrd Mat Sub Mat Fac Low Low Fac DSF Fac Was Fac Fac Active Infowar (turns) 3307 | . . . . 2330 397 229 106 113 16 116 . . Jamming 3307 | . . . . 2330 397 229 106 113 16 116 . . ECM 28 | . . . . 7 . . . 21 . . . . Robot Analysis Total . | . . . . . . . . . . . . . Derelict Logs Recovered 4 | . . 1 . . 2 1 . . . . . . Drone Launches . | . . . . . . . . . . . . . Drone Recoveries . | . . . . . . . . . . . . . Exploration | -11 -10 -10 -8 -7 -7 -7 -6 -6 -5 -5 -5 -4 ------------- Run | Yrd Mat Sub Mat Fac Low Low Fac DSF Fac Was Fac Fac Turns Passed 8382 | 41 175 924 1109 3794 527 229 106 465 106 133 235 538 Spaces Moved 4867 | 43 169 872 487 1689 327 151 73 194 97 120 189 456 Core 157 | 2 . 5 . . . . . 50 . . . 100 Treads 1038 | . . . 131 317 327 151 73 29 . . . 10 Legs . | . . . . . . . . . . . . . Wheels 3599 | 41 169 867 356 1372 . . . 42 97 120 189 346 Hover . | . . . . . . . . . . . . . Flight 73 | . . . . . . . . 73 . . . . Fastest Speed 37 | 50 80 80 90 100 145 145 145 37 100 100 100 50 Average Speed 109 | 78 80 91 113 111 145 145 145 114 100 100 113 106 Slowest Speed 650 | 80 80 200 240 225 145 145 145 650 100 100 115 400 Overloaded Moves . | . . . . . . . . . . . . . Propulsion Burnouts . | . . . . . . . . . . . . . Robots Hopped . | . . . . . . . . . . . . . Potential Cave-ins . | . . . . . . . . . . . . . Cave-ins Triggered 1 | . . . . . . . . 1 . . . . Exploration Rate (%) 31 | 3 38 39 36 35 48 20 2 86 4 81 6 11 Regions Visited 12 Branch Regions 3 Pre-discovered Areas 2 | . . 1 . . . 1 . . . . . . Known Exits Taken 1 | . . . . . . . 1 . . . . . Unknown Exits Taken 8 | 1 1 1 1 1 1 1 . . . . 1 . Scrap Searched 3 | . . . . . 1 2 . . . . . . Spaces Dug . | . . . . . . . . . . . . . Terrain Destroyed 127 | . 46 29 3 29 7 2 . 6 . 4 1 . Melee . | . . . . . . . . . . . . . Projectile 30 | . . . 3 7 7 2 . 6 . 4 1 . AOE 97 | . 46 29 . 22 . . . . . . . . Terrain Rammed . | . . . . . . . . . . . . . Walls Destroyed . | . . . . . . . . . . . . . Machines Disabled . | . . . . . . . . . . . . . Actions | -11 -10 -10 -8 -7 -7 -7 -6 -6 -5 -5 -5 -4 --------- Run | Yrd Mat Sub Mat Fac Low Low Fac DSF Fac Was Fac Fac Total 7450 | 47 196 964 923 3462 348 157 74 362 106 124 204 483 Wait 2195 | . 13 52 344 1658 8 . . 104 3 1 9 3 Move 4856 | 42 168 871 486 1688 326 150 72 193 97 119 188 456 Hop . | . . . . . . . . . . . . . Pick Up 24 | . 4 4 5 8 . 1 1 1 . . . . Fast Attach 68 | 5 2 5 8 13 . 1 . 16 3 . 2 13 Attach 22 | . . 5 4 5 . . . 4 1 . 3 . Detach 2 | . . . . . . . . . 1 . . 1 Swap 26 | . 2 6 6 8 . 1 . 3 . . . . Drop 38 | . . 4 10 17 . 2 1 3 1 . . . Fire 216 | . 5 17 59 65 14 2 . 38 . 4 2 10 Melee . | . . . . . . . . . . . . . Ram 3 | . 2 . 1 . . . . . . . . . Kick . | . . . . . . . . . . . . . Crush . | . . . . . . . . . . . . . Escape Stasis . | . . . . . . . . . . . . . Rewire . | . . . . . . . . . . . . . Trap . | . . . . . . . . . . . . . Miscellaneous . | . . . . . . . . . . . . . Route ------- -11/Scrapyard -10/Materials (discovered 3 exits: [*Min x2] / *Sub) -10/Subcaves -8/Materials -7/Factory -7/Lower Caves -7/Lower Caves -6/Factory (discovered 2 exits: Fac / DSF) -6/DSF -5/Factory -5/Waste -5/Factory -4/Factory History --------- Turn | Location | Event 9 | -11/Scrapyard | Discovered new exit (range 15) 42 | -11/Scrapyard | Entered Materials 43 | -10/Materials | Met a group of wandering Federalists 136 | -10/Materials | Discovered new exit (range 15) 188 | -10/Materials | Discovered new exit (range 10) 188 | -10/Materials | Discovered new exit (range 12) 206 | -10/Materials | Destroyed 8 combat bots 217 | -10/Materials | Entered Subcaves 218 | -10/Subcaves | Approached by a straggling Scientist 220 | -10/Subcaves | Learned Materials garrison access intel 279 | -10/Subcaves | Visited Clippyterm 282 | -10/Subcaves | Learned location of Extension (-5) 282 | -10/Subcaves | Learned Factory garrison access intel 303 | -10/Subcaves | Build established: Mutant 347 | -10/Subcaves | Shifting Twisted Machinery released Scrap Shield 455 | -10/Subcaves | Shifting Twisted Machinery released Barrage Gun 672 | -10/Subcaves | Shifting Twisted Machinery released Lgt. Humpback 686 | -10/Subcaves | Core integrity fell below 50% 701 | -10/Subcaves | Shifting Twisted Machinery released Riot Gun 713 | -10/Subcaves | Lost 6 parts (1p2n1u2w) 1018 | -10/Subcaves | Discovered new exit (range 15) 1141 | -10/Subcaves | Entered Materials 1141 | -8/Materials | Evolved 4 slots: Propulsion x1, Utility x3 1142 | -8/Materials | Loaded intel: 1 garrison access location 2227 | -8/Materials | Discovered new exit (range 10) 2250 | -8/Materials | Entered Factory 2250 | -7/Factory | Evolved 2 slots: Propulsion x1, Weapon x1 2251 | -7/Factory | Loaded intel: 4 garrison access locations 2939 | -7/Factory | Build established: Scavenger-Gunner 3433 | -7/Factory | Build established: Gunner 3751 | -7/Factory | Build established: Infiltrator-Gunner 5348 | -7/Factory | Build established: Infiltrator-Tank 5978 | -7/Factory | Discovered new exit (range 15) 6044 | -7/Factory | Entered Lower Caves 6050 | -7/Lower Caves | Learned location of 1 exit from Factory 6066 | -7/Lower Caves | Learned Factory terminal intel 6138 | -7/Lower Caves | Ambushed by wild Derelicts 6253 | -7/Lower Caves | Core integrity fell below 50% 6533 | -7/Lower Caves | Discovered new exit (range 10) 6552 | -7/Lower Caves | Build established: Infiltrator-Gunner 6571 | -7/Lower Caves | Entered another Lower Caves area 6682 | -7/Lower Caves | Discovered new exit (range 10) 6800 | -7/Lower Caves | Entered Factory 6800 | -6/Factory | Evolved 2 slots: Power x1, Utility x1 6801 | -6/Factory | Identified exit to Factory 6802 | -6/Factory | Loaded intel: 26 terminal locations 6891 | -6/Factory | Build established: Infiltrator-Tank 6906 | -6/Factory | Identified exit to DSF 6906 | -6/Factory | Entered DSF 6934 | -6/DSF | Additional patrols routed to DSF 7036 | -6/DSF | Crushed by falling debris 7115 | -6/DSF | Lost 15 parts (1p4n5u5w) 7159 | -6/DSF | Core integrity fell below 50% 7298 | -6/DSF | Discovered exit to Factory (range 15) 7371 | -6/DSF | Entered Factory 7371 | -5/Factory | Evolved 2 slots: Utility x2 7406 | -5/Factory | Build established: Tank 7468 | -5/Factory | Discovered new exit (range 16) 7477 | -5/Factory | Sucked down chute 7477 | -5/Factory | Entered Waste 7478 | -5/Waste | Met a frightened Derelict 7486 | -5/Waste | Spotted C-40 Crusher 7487 | -5/Waste | Spotted C-40 Crusher 7533 | -5/Waste | Spotted C-40 Crusher 7546 | -5/Waste | Crushed by Compactor (1 part destroyed, 2 dropped) 7555 | -5/Waste | Spotted C-40 Crusher 7557 | -5/Waste | Spotted C-40 Crusher 7559 | -5/Waste | Crushed by Compactor (1 part destroyed, 2 dropped) 7568 | -5/Waste | Crushed by Compactor (1 part destroyed, 2 dropped) 7578 | -5/Waste | Spotted C-40 Crusher 7599 | -5/Waste | Lost 3 parts (1p1n1u) 7599 | -5/Waste | Discovered new exit (range 12) 7610 | -5/Waste | Entered Factory 7835 | -5/Factory | Discovered new exit (range 10) 7845 | -5/Factory | Entered another Factory area 7845 | -4/Factory | Evolved 2 slots: Power x1, Weapon x1 7858 | -4/Factory | Lost 3 parts (3w) 8117 | -4/Factory | Build established: Mutant 8325 | -4/Factory | Core integrity fell below 50% 8327 | -4/Factory | Lost 11 parts (3n3u5w) 8366 | -4/Factory | Core integrity fell below 20% 8383 | -4/Factory | Destroyed by P-70 Sage with High-powered Shock Rifle Last Messages --------------- Slug penetrates Wall. Adv. Medium Treads destroyed. Slug penetrates Wall. Wall collapses. U-05 Engineer lays Concrete. Slug penetrates H-77 Assassin. Critical hit (Destroy). Wave Gun destroyed. Slug penetrates Wall. Assembly Bed disabled. U-05 Engineer builds a Wall. Penetrated by Slug. Slug penetrates Wall. Acquired Imp. Utility Shielding. Penetrated by Slug. K-01 Serf cleans the Repair Station. H-77 Assassin suffers critical hit (Destroy). Slug penetrates Wall. System corrupted: Energy discharge (-34). [Achievement: 5k Club] Map ----- +----------------------------------------------------+ | ""?????????????????????????????????????????????? | | ""?????????????????????????????????????????????? | | ""?????????????????????????????????????????????? | | ?????????????????????????????????????????????? | | ""?????????????????????????????????????????????? | | ""?????????????????????????????????????????????? | | ""?????????????????????????????????????????????? | | ?????????????????????????????????????????????? | | ""?????????????????????????????????????????????? | | ""?????????????????????????????????????????????? | | ""??????????????????????? ?????????????????????? | | ??????????????????????? #???????????????????? | | ????????????????????? T ????????????????????? | | ?????????????????????"" ????????????????????? | | ????????????????????? ????????????????????? | | ????????????????????? ! ????????????????????? | | ????????????????????? #????????????????????? | | ##+#????????????????????# #????????????????????? | | ????????????????????# #????????????????????? | | ????????????????????#w #????????????????????? | | """"????????????????????# #????????????????????? | | ????????????????????# #????????????????????? | | ????????????????????????# #????????????????????? | | ????????????????????????# #????????????????????? | | ????????????????????????#R #????????????????????? | | ???????????????????????##@ ##???????????????????? | | ???????????????????????# #???????????????????? | | ???????????????????????# #???????????????????? | | ???????????????????????# #???????????????????? | | ??????????????########## +???????????????????? | | #####?????????# # ########????????????? | | #?????????# """ %# #????????????? | | #?????????# "Y" # #????????????? | | "" #?????????# # #????????????? | | "" #?????????# # #????????????? | | """ #?????????# """ # #????????????? | | """ #?????????# """ # #?########???? | | """ #?????????# """ # #?# #???? | | #?????????# #pp #?# #???? | | ####################+### x ### " #???? | | + T #???? | | ########## " #???? | | #????????# #???? | | #????????########???? | | #???????????????????? | | ############/#############+#######???????????????? | | ## # #???????????????? | | ## # """" """" #???????????????? | | """"## # """" """" #???????????????? | | """"## # """" """" #???????????????? | +----------------------------------------------------+ Best States ------------- Heat Dissipation 43 Energy Generation 17 Energy Capacity 300 Matter Stores 300 Matter Capacity 300 Sight Range 16 Terrain Scan Density 10 ECM Strength 2 Jamming Range 14 EM Shielding 2 Armor Coverage 950 Resistance: EX 25 Resistance: EM 15 Propulsion Shielding 66 Utility Shielding 66 Weapon Shielding 66 Evasion (%) 62 Targeting Accuracy 12 Recoil Reduction 4 Offensive Hacking 10 Authchip Count 3 Item Schematics ----------------- None Robot Schematics ------------------ None Fabricated ------------ Nothing Repaired ---------- Nothing Studied --------- Assault Cannon | -7/Factory | Hacked Beam Rifle | -7/Factory | Hacked Gauss Rifle | -7/Factory | Hacked Gauss Cannon | -7/Factory | Hacked Spear | -7/Factory | Hacked Alien Tech Used ----------------- None Achievements -------------- 5k Club Heavy Suspicion I Have A Map? Librarian Maybe Next Time I'll Detach My Launcher Quick And Dirty Serviceable Loadout That Tickles Window Shopping Challenges ------------ None Game ------ Seed ShadeMissileChip Manual? 0 Play Time 02:04:34 Cumulative 6.8 hours Start 2025.11.14 @ 17:09:25 End 2025.11.14 @ 19:45:39 Sessions 1 Manual Loads 0 Difficulty Rogue Special Mode None Game No. 9 Rogue 9 Adventurer 0 Explorer 0 Win Type - Total 0 Types 0/0/0/0/0/0/0/0/0/0 Lore% 3 Gallery% 10 Achievement% 8 Wizard Run 0 Options --------- Layout 1 ASCII 0 Keyboard 0 Movement Mouse Keybinds 0 Fullscreen 1 Font 32/SmallcapsGlow Map View 50x35 Zoom Use 51% Tactical HUD 0 Map Filters NONE Filters NONE Steam 1 RUN: e5f72503-5e78-4305-938f-aed2d2400333